 Dungeon Sprint DCSS version 0.31.0-12-g77e489cdc1 (webtiles) character file.

Game seed: 13175833467678894175

1119 Heoruswealwe the Impaler (level 8, -3/82 HPs)
             Began as a Minotaur Fighter on Mar 4, 2024.
             Was an Initiate of Gozag.
             Slain by a troll (13 damage)
             ... in the Dungeon (Sprint IX: "|||||||||||||||||||||||||||||").
             The game lasted 00:02:04 (146 turns).

Heoruswealwe the Impaler (Minotaur Fighter)          Turns: 146, Time: 00:02:04

Health: -3/82      AC: 22    Str: 23    XL:     8   Next: 12%
Magic:  7/7        EV:  7    Int:  5    God:    Gozag
Gold:   0          SH:  0    Dex: 10    Spells: 7/7 levels left

rFire   . . .        b - +2 halberd (protect)
rCold   . . .        (shield currently unavailable)
rNeg    . . .        c - +0 plate armour
rPois   .            (helmet restricted)
rElec   .            (no cloak)
rCorr   .            (no gloves)
SInv    .            (no boots)
Will    .....        (no amulet) Stlth
                     (no ring)
HPRegen 0.33/turn    (no ring)
MPRegen 0.10/turn

%: no teleportation
@: under a protective aura
A: horns 2, retaliatory headbutt
a: Renounce Religion, Potion Petition, Call Merchant, Bribe Branch


You were in the Dungeon.
You worshipped Gozag.
Gozag was noncommittal.
You visited 1 branch

Inventory:

Hand Weapons
 a - a +0 trident
 b - a +2 halberd of protection (weapon)
Armour
 c - a +0 plate armour (worn)
 d - a +0 buckler
Wands
 h - a wand of iceblast (10)
Scrolls
 j - 2 scrolls of blinking
Potions
 e - 5 potions of curing
 f - 2 potions of heal wounds
 g - a potion of haste
 i - a potion of berserk rage
 k - a potion of might


   Skills:
 + Level 11.3 Fighting
 * Level 15.0 Polearms
 + Level 11.3 Armour
 - Level 3.6 Shields


You had 7 spell levels left.
You didn't know any spells.
Your spell library was empty.

Dungeon Overview and Level Annotations

Branches:
Dungeon (1/1)

Altars:
Cheibriados
Dithmenos
Elyvilon
Fedhas
Gozag
Hepliaklqana
Kikubaaqudgha
Makhleb
Nemelex Xobeh
Okawaru
Qazlal
Ru
Sif Muna
Trog
Uskayaw
Vehumet
Wu Jian
Xom
Yredelemnul
Zin
The Shining One
Jiyva
Lugonu


Innate Abilities, Weirdness & Mutations

You have a pair of horns on your head.
You reflexively headbutt those who attack you in melee.


Message History

The troll shouts!
You headbutt the troll.
The troll is lightly wounded.
The troll bites you! The troll closely misses you.
The troll claws you but does no damage.
You slice the troll!!
Your weapon exudes an aura of protection.
You headbutt the troll.
The troll is almost dead.
You closely miss the troll. Your headbutt misses the troll.
The troll is almost dead.
The troll bites you!
The troll claws you but does no damage. x2
You slice the troll!!
You kill the troll!
The troll is no longer distracted by gold.
Your Fighting skill increases to level 11!
Your Polearms skill increases to level 15!
Your Armour skill increases to level 11!
You have reached level 8!
You feel agile.
You slice the troll!! Your headbutt misses the troll.
The troll is severely wounded.
The troll bites you.
The troll claws you but does no damage. x2
You slash the troll! You headbutt the troll.
The troll is almost dead.
You closely miss the troll.
The troll is almost dead.
The troll bites you!
* * * LOW HITPOINT WARNING * * *
The troll claws you but does no damage. The troll completely misses you.
You completely miss the troll. Your headbutt misses the troll.
The troll is almost dead.
The troll barely misses you. The troll claws you.
* * * LOW HITPOINT WARNING * * *
The troll claws you but does no damage.
You closely miss the troll.
The troll is almost dead.
The troll bites you!
You die...
Your body crumbles into a pile of gold.

▓.▓
▓.▓
▓.▓
▓.▓
▓.▓
▓.▓
▓T▓
▓@▓
▓=▓
▓=▓
▓[▓
▓[▓
▓[▓
▓)▓
▓?▓
▓!▓


You could see a troll.

Vanquished Creatures
  A two-headed ogre (D)
  A troll (D)
  A wraith (D)
  A centaur (D)
  A kobold brigand (D)
  An iguana (D)
  A gnoll (D)
  A dart slug (D)
  A giant cockroach (D)
  A goblin (D)
  A hobgoblin (D)
  A kobold (D)
  A quokka (D)
  A rat (D)
14 creatures vanquished.

Notes
Turn   | Place    | Note
-------+----------+-------------------------------------------
     0 | D        | Heoruswealwe the Minotaur Fighter began the quest for the
                  | Orb.
     0 | D        | Reached XP level 1. HP: 19/19 MP: 0/0
     5 | D        | Reached skill level 3 in Polearms
    19 | D        | Noticed an iguana
    19 | D        | Noticed a centaur
    24 | D        | Reached skill level 4 in Polearms
    24 | D        | Reached XP level 2. HP: 28/28 MP: 1/1
    28 | D        | Killed a centaur
    29 | D        | Reached skill level 7 in Polearms
    29 | D        | Reached XP level 3. HP: 37/38 MP: 2/2
    29 | D        | Reached XP level 4. HP: 43/45 MP: 3/3
    35 | D        | Reached skill level 8 in Polearms
    45 | D        | Found a snail-covered altar of Cheibriados.
    45 | D        | Found a shadowy altar of Dithmenos.
    45 | D        | Found a white marble altar of Elyvilon.
    45 | D        | Found a blossoming altar of Fedhas.
    45 | D        | Found an opulent altar of Gozag.
    46 | D        | Found a hazy altar of Hepliaklqana.
    47 | D        | Found a viscous altar of Jiyva.
    48 | D        | Found an ancient bone altar of Kikubaaqudgha.
    49 | D        | Found a corrupted altar of Lugonu.
    50 | D        | Found a burning altar of Makhleb.
    51 | D        | Found a sparkling altar of Nemelex Xobeh.
    52 | D        | Found an iron altar of Okawaru.
    53 | D        | Became a worshipper of Gozag Ym Sagoz the Greedy
    54 | D        | Found a stormy altar of Qazlal.
    55 | D        | Found a sacrificial altar of Ru.
    56 | D        | Found a shimmering blue altar of Sif Muna.
    57 | D        | Found a bloodstained altar of Trog.
    58 | D        | Found a hide-covered altar of Uskayaw.
    59 | D        | Found a radiant altar of Vehumet.
    60 | D        | Found an ornate altar of the Wu Jian Council.
    61 | D        | Found a shimmering altar of Xom.
    62 | D        | Found a basalt altar of Yredelemnul.
    63 | D        | Found a glowing silver altar of Zin.
    64 | D        | Found a glowing golden altar of the Shining One.
   111 | D        | Noticed a shadow
   111 | D        | Noticed a troll
   111 | D        | Noticed a troll
   111 | D        | Noticed a two-headed ogre
   111 | D        | Noticed a kobold brigand
   111 | D        | Noticed a wraith
   116 | D        | Killed a wraith
   117 | D        | Reached skill level 10 in Polearms
   117 | D        | Reached XP level 5. HP: 24/55 MP: 4/4
   117 | D        | Reached XP level 6. HP: 27/62 MP: 5/5
   124 | D        | Killed a two-headed ogre
   125 | D        | Reached skill level 10 in Fighting
   125 | D        | Reached skill level 14 in Polearms
   125 | D        | Reached skill level 10 in Armour
   125 | D        | Reached XP level 7. HP: 43/73 MP: 6/6
   141 | D        | Killed a troll
   142 | D        | Reached skill level 15 in Polearms
   142 | D        | Reached XP level 8. HP: 30/82 MP: 7/7
   146 | D        | Slain by a troll

Illustrated notes

Levels and vault maps discovered:
D:        linesprint [early_d, line_temple, items_1, d_10, items_2, lair_1,
          lair_end, items_3, orc_1, orc_end, items_4, d_15, swamp_1, shoals_1,
          snake_1, spider_1, d_20, vaults_1, items_5, swamp_end, shoals_end,
          snake_end, spider_end, vaults_end, d_27, items_6, zot_1, zot_end,
          crypt_end, forest_end, elf_end, slime_end, tomb_end, abyss_end,
          pan_hell_end]

Skill      XL: |  1  2  3  4  5  6  7 |
---------------+----------------------+-----
Polearms       | 4 7 10 14 15 | 15.0
Fighting       | 4 6 8 10 11 | 11.3
Armour         | 4 6 8 10 11 | 11.3
Shields        | |  3.6

Action                     |  1- 3 |  4- 6 |  7- 9 || total
---------------------------+-------+-------+-------++-------
  Melee: Trident           |    18 |    10 |       ||    28
         Headbutt          |     2 |     1 |     5 ||     8
         Halberd           |       |    12 |    22 ||    34
    Use: Potion            |       |     1 |       ||     1
 Armour: Scale mail        |    11 |     4 |       ||    15
         Plate armour      |       |    12 |    25 ||    37
  Dodge: Dodged            |     8 |     9 |     8 ||    25
  Block: Buckler           |     4 |       |       ||     4
